 Dungeon Crawl Stone Soup version 0.27.1-34-g3ba077fa99 (console) character file.

Game seed: 16929050446421311390

10271 Banquo the Cleaver (level 11, -3/82 HPs)
             Began as a Djinni Chaos Knight on Jan 5, 2022.
             Was an Initiate of Ashenzari.
             Slain by a six-headed hydra (4 damage)
             ... while petrified by a basilisk
             ... on level 1 of the Lair of Beasts.
             The game lasted 00:55:35 (11391 turns).

Banquo the Cleaver (Djinni Chaos Knight)           Turns: 11391, Time: 00:55:36

Health: -3/82      AC: 11    Str: 13      XL:     11   Next: 89%
Gold:   640        EV:  2    Int: 19      God:    Ashenzari [......] SH:  0 Dex: 19 (20)

rFire    + + .     SeeInvis .   b - +10 mace {speed, MP+9 Int+2}
rCold    x . .     Faith    .   i - +1 buckler of the Loofah {rF- Regen+ Str+2}
rNeg     + + +     Spirit   .   d - +2 leather armour
rPois    ∞         Reflect  .   h - +1 helmet of the Butcher {Dex+7}
rElec    .         Harm     .   e - +0 cloak
rCorr    +         Rampage  .   g - +1 pair of gloves of the Cursed Yoke {Self, Range} (curse)
Will     +....                  (boots unavailable)
Stlth    +.........             y - amulet of regeneration
HPRegen  2.23/turn              E - ring of protection from fire
MPRegen  0.00/turn              P - ring of resist corrosion

@: petrified, flying
A: sickness immunity, fire resistance 2, cold vulnerability 1, float, innate
caster, hp casting, extra vitality 1, mutation resistance 1
a: Renounce Religion, Shatter the Chains


You were on level 1 of the Lair of Beasts.
You worshipped Ashenzari.
Ashenzari was noncommittal.
You visited 3 branches of the dungeon, and saw 12 of its levels.
You also visited: Ossuary.

You collected 640 gold pieces.

Inventory:

Hand Weapons
 a - a +1 war axe of chaos
 b - the +10 mace of the Puffin (weapon) {speed, MP+9 Int+2}
   (You found it on level 6 of the Dungeon)

   Attacks with this weapon are significantly faster.
   Int:       It affects your intelligence (+2).
   MP:        It affects your magic capacity (+9).
 r - a +4 hand axe of freezing
 u - a +3 spear of chaos
 Y - a +0 vorpal war axe
Missiles
 k - 44 poisoned darts (quivered)
 m - a throwing net
 n - 4 boomerangs of dispersal
 o - 230 stones
 w - 6 curare-tipped darts
 B - 19 boomerangs
Armour
 d - a +2 leather armour (worn)
 e - a +0 cloak (worn)
 g - the cursed +1 pair of gloves of the Cursed Yoke (worn) {Self, Range}
   (You found it on level 5 of the Dungeon)

   It has a curse which improves the following skills: Introspection: Fighting
   and Spellcasting.
   Ranged Combat: Slings, Bows, Crossbows and Throwing.
 h - the +1 helmet of the Butcher (worn) {Dex+7}
   (You found it on level 7 of the Dungeon)

   Dex:       It affects your dexterity (+7).
 i - the +1 buckler of the Loofah (worn) {rF- Regen+ Str+2}
   (You found it on level 4 of the Dungeon)

   Str:       It affects your strength (+2).
   rF:        It makes you vulnerable to fire.
   Regen:     It increases your rate of health regeneration.
 S - the +1 chain mail "Miwadgh" {Rampage rElec Stlth-}
   (You found it on level 7 of the Dungeon)

   rElec:     It insulates you from electricity.
   Rampage:   It bestows one free step when moving towards enemies.
   Stlth:     It makes you less stealthy.
Jewellery
 y - an amulet of regeneration (around neck)
 E - a ring of protection from fire (left hand)
 P - a ring of resist corrosion (right hand)
 T - a ring of protection from fire
Wands
 j - a wand of iceblast (8)
 H - a wand of flame (33)
 R - a wand of paralysis (15)
Scrolls
 v - 5 scrolls of teleportation
 D - 2 scrolls of fog
Potions
 c - a potion of berserk rage
 f - 4 potions of heal wounds
 l - a potion of resistance
 p - 6 potions of curing
 z - 4 potions of haste
 K - a potion of might
 V - a potion of brilliance


   Skills:
 - Level 7.9(8.5) Fighting
 - Level 9.2 Axes
 + Level 5.8 Armour
 - Level 7.6 Dodging
 - Level 4.0 Shields
 * Level 6.0(6.5) Spellcasting


You had 9 spell levels left.
You knew the following spells:

 Your Spells              Type           Power      Damage    Failure   Level
a - Summon Small Mammal   Summ           100%       N/A       1%          1
b - Wereblood             Tmut           31%        N/A       1%          2
f - Conjure Flame         Conj/Fire      31%        6-21      2%          3
s - Spider Form           Tmut/Pois      15%        N/A       2%          3
v - Summon Mana Viper     Hex/Summ       31%        N/A       24%         5
Your spell library was empty.

Dungeon Overview and Level Annotations

Branches:
Dungeon (10/15)            Temple (1/1) D:7            Lair (1/6) D:10
    Orc (0/2) D:10        Ossuary (visited)

Altars:
Ashenzari
Cheibriados
Dithmenos
Elyvilon
Fedhas
Gozag
Hepliaklqana
Kikubaaqudgha
Makhleb
Nemelex Xobeh
Okawaru
Qazlal
Ru
Sif Muna
Trog
Uskayaw
Vehumet
Wu Jian
Xom
Yredelemnul
Zin
The Shining One

Annotations:
D:9 exclusion: statue


Innate Abilities, Weirdness & Mutations

You are immune to sickness and miasma.
You are immune to poison.
Your flesh is very heat resistant. (rF++)
You are vulnerable to cold. (rC-)
You float through the air rather than walking.
You learn spells naturally, not from books.
Your magical power is your life essence.
You have superior vitality. (+4 HP)
You are somewhat resistant to further mutation.


Message History

The six-headed hydra bites you. The six-headed hydra bites you!
The six-headed hydra bites you.
You have turned to stone.
The six-headed hydra bites you! x4; The six-headed hydra bites you.
The six-headed hydra bites you! The basilisk gazes at you.
You easily resist.
The six-headed hydra bites you. The six-headed hydra bites you!
The six-headed hydra bites you.
The six-headed hydra bites you but does no damage.
The six-headed hydra bites you. The six-headed hydra bites you!
The six-headed hydra bites you! The six-headed hydra bites you.
The six-headed hydra bites you but does no damage.
The six-headed hydra bites you. The six-headed hydra bites you!
* * * LOW HITPOINT WARNING * * *
The six-headed hydra bites you but does no damage.
The six-headed hydra bites you but does no damage. x3
The six-headed hydra bites you!
* * * LOW HITPOINT WARNING * * *
The six-headed hydra bites you but does no damage. x2
The basilisk gazes at you.
You easily resist.
The six-headed hydra bites you!
* * * LOW HITPOINT WARNING * * *
The six-headed hydra bites you but does no damage.
The six-headed hydra completely misses you.
The six-headed hydra bites you!
* * * LOW HITPOINT WARNING * * *
The six-headed hydra barely misses you. The six-headed hydra bites you!
* * * LOW HITPOINT WARNING * * *
The basilisk bites you.
* * * LOW HITPOINT WARNING * * *
The six-headed hydra bites you!
* * * LOW HITPOINT WARNING * * *
The six-headed hydra bites you!
* * * LOW HITPOINT WARNING * * *
The six-headed hydra bites you but does no damage.
The six-headed hydra barely misses you. The six-headed hydra bites you.
The six-headed hydra bites you!
You die...
Xom thinks this is hilarious!

#..........#......##....
#.............Dl..##....
#....##.....#....>##....
#... #....#............
#.. ##....#########.... #.
#.....#####.###...[ #
##....(............
.########l................
.......(.@....:.........(.
.........D................
.#.......................
....#........##.##.#.##...
.#. #.####...+............
+. #...#........#... #
#............P
.............. ..#.....


You could see a six-headed hydra and a basilisk.

Vanquished Creatures
  Gastronok (D:9)
  A hydra (D:10)
  A two-headed ogre (D:7)
  Maurice (D:9)
  An elephant (D:10)
  Maggie (D:6)
  Psyche (D:10)
  A hornet (D:9)
  Prince Ribbit (D:9)
  A yak (D:10)
  A wyvern (D:9)
  A spriggan (D:7)
  Eustachio (D:6)
  2 basilisks (D:10)
  Grum (D:8)
  2 steam dragons (D:6)
  Menkaure (D:4)
  Edmund (D:6)
  3 water moccasins
  A hornet zombie (D:8)
  5 orc warriors
  2 black bears
  3 necrophages
  2 sky beasts
  3 wolves (D:8)
  3 centaurs
  4 ogres
  3 kobold brigands
  3 lemures (D:6)
  Blork the orc (D:6)
  A gnoll sergeant (D:8)
  2 scorpions
  4 bullfrogs
  5 wights (D:6)
  4 howler monkeys
  2 orc priests
  Crazy Yiuf (D:6)
  Ijyb (D:5)
  A centaur skeleton (D:6)
  5 iguanas
  5 orc wizards
  A killer bee zombie (D:4)
  A hound skeleton (D:4)
  8 mummies (Ossuary)
  4 adders
  8 gnolls
  A howler monkey skeleton (D:7)
  A shadow imp (D:6)
  A white imp (D:8)
  A worm (D:2)
  A dart slug (D:6)
  34 orcs
  7 endoplasms
  3 giant cockroaches
  9 goblins
  13 hobgoblins
  13 jackals
  14 kobolds
  A quokka (D:5)
  4 ball pythons
  6 bats
  9 frilled lizards
  A gnoll zombie (Ossuary)
  3 hobgoblin zombies (Ossuary)
  4 orc zombies (Ossuary)
  8 rats
240 creatures vanquished.

Vanquished Creatures (collateral kills)
  Pikel (D:6)
  An ogre (D:5)
  Robin (D:2)
  2 goblins (D:2)
  A hobgoblin (D:2)
6 creatures vanquished.

Vanquished Creatures (others)
  A fungus (D:10)
  2 plants
  3 withered plants (D:4)
6 creatures vanquished.

Grand Total: 252 creatures vanquished

Notes
Turn   | Place    | Note
-------+----------+-------------------------------------------
     0 | D:1      | Banquo the Djinni Chaos Knight began the quest for the Orb.
     0 | D:1      | Reached XP level 1. HP: 20/20 MP: 0/0
   137 | D:1      | Reached XP level 2. HP: 25/25 MP: 0/0
   138 | D:1      | XOM: silly message
   194 | D:1      | XOM: divination: detect creatures
   213 | D:1      | XOM: divination: magic mapping
   516 | D:1      | Reached skill level 3 in Axes
  1014 | D:1      | Reached XP level 3. HP: 29/30 MP: 0/0
  1014 | D:1      | Learned a level 1 spell: Summon Small Mammal
  1343 | D:2      | Noticed a necrophage
  1343 | D:2      | XOM: summons friendly crimson imp
  1353 | D:2      | XOM: god gift: +0 war axe of chaos
  2100 | D:2      | XOM: 5-stop teleportation journey
  2120 | D:2      | Reached XP level 4. HP: 35/35 MP: 0/0
  2146 | D:2      | Noticed Robin
  2165 | D:2      | XOM: cast spell 'Summon Horrible Things'
  2166 | D:2      | Killed Robin
  2303 | D:2      | XOM: divination: magic mapping
  2309 | D:2      | Killed a necrophage
  2310 | D:2      | Reached skill level 4 in Axes
  2310 | D:2      | Reached XP level 5. HP: 34/40 MP: 0/0
  2310 | D:2      | Learned a level 2 spell: Wereblood
  2393 | D:2      | XOM: silly message
  2912 | D:3      | XOM: stat loss: -1 Str (10/11)
  2927 | D:3      | Reached XP level 6. HP: 41/46 MP: 0/0
  2928 | D:3      | XOM: confuse monster(s)
  2929 | D:3      | XOM: chaos upgrade
  2984 | D:3      | XOM: 2-stop teleportation journey
  3037 | D:3      | XOM: scenery: create altars
  3140 | D:3      | XOM: god gift: +0 buckler of protection
  3382 | D:4      | XOM: 3-stop teleportation journey
  3405 | D:4      | XOM: polymorph jackal -> frilled lizard
  3420 | D:4      | Reached skill level 5 in Axes
  3508 | D:4      | XOM: divination: detect items
  3544 | D:4      | Identified the +1 buckler of the Loofah {rF- Regen+ Str+2}
  3563 | D:4      | XOM: scenery: 1 doors close
  3567 | D:4      | Noticed Menkaure
  3778 | D:4      | Reached XP level 7. HP: 50/50 MP: 0/0
  3778 | D:4      | Learned a level 3 spell: Spider Form
  4314 | D:4      | XOM: butterfly on damage
  4317 | D:4      | Killed Menkaure
  4318 | D:4      | Reached skill level 1 in Shields
  4411 | D:5      | XOM: noise
  4411 | D:5      | Entered Level 5 of the Dungeon
  4645 | D:5      | Noticed Ijyb
  4649 | D:5      | Killed Ijyb
  4686 | D:5      | XOM: butterfly on damage
  4688 | D:5      | Xom revived you
  4704 | D:5      | Reached skill level 6 in Axes
  4704 | D:5      | Reached skill level 1 in Spellcasting
  4704 | D:5      | Reached XP level 8. HP: 42/56 MP: 0/0
  4816 | D:5      | XOM: 3-stop teleportation journey
  5008 | D:5      | XOM: divination: detect creatures
  5043 | D:5      | XOM: butterfly on damage
  5094 | D:5      | Found a hazy altar of Hepliaklqana.
  5335 | D:5      | XOM: confuse monster(s)
  5422 | D:6      | XOM: smoke on damage
  5431 | D:6      | XOM: enchant monster (good)
  5547 | D:6      | Reached skill level 7 in Axes
  5557 | D:6      | Found a shimmering altar of Xom.
  5590 | D:6      | Reached XP level 9. HP: 62/62 MP: 0/0
  5590 | D:6      | Learned a level 3 spell: Conjure Flame
  5612 | D:6      | XOM: fog
  5751 | D:6      | Found a snail-covered altar of Cheibriados.
  6058 | D:6      | Noticed Edmund
  6060 | D:6      | XOM: cleaving
  6062 | D:6      | XOM: noise
  6071 | D:6      | Killed Edmund
  6178 | D:6      | Reached skill level 8 in Axes
  6179 | D:6      | Noticed Blork the orc
  6183 | D:6      | XOM: summons 5 hostile demons
  6191 | D:6      | XOM: noise
  6196 | D:6      | Killed Blork the orc
  6250 | D:6      | XOM: noise
  6274 | D:6      | Found a runed translucent door.
  6275 | D:6      | Noticed Crazy Yiuf
  6283 | D:6      | Killed Crazy Yiuf
  6286 | D:6      | Identified the +10 mace of the Puffin {speed, MP+9 Int+2}
  6436 | D:6      | Noticed Maggie
  6437 | D:6      | XOM: potion effect (haste)
  6438 | D:6      | XOM: enchant monster (bad)
  6464 | D:6      | Killed Maggie
  6542 | D:6      | XOM: noise
  6545 | D:6      | Noticed Eustachio
  6597 | D:6      | XOM: give mutations
  6597 | D:6      | Gained mutation: You are weak. (Str -2) [Xom's mischief]
  6597 | D:6      | Gained mutation: You sometimes lose the ability to read
                  | scrolls when taking damage. [Xom's mischief]
  6597 | D:6      | Gained mutation: Armour fits poorly on your strangely
                  | shaped body. [Xom's mischief]
  6621 | D:6      | Killed Eustachio
  6667 | D:6      | Noticed Pikel
  6704 | D:6      | Killed Pikel
  6705 | D:6      | Reached XP level 10. HP: 69/69 MP: 0/0
  6846 | D:7      | Found a staircase to the Ecumenical Temple.
  6854 | D:7      | Noticed a two-headed ogre
  6866 | D:7      | XOM: confusion (+ monsters)
  6876 | D:7      | XOM: smoke on damage
  6877 | D:7      | XOM: swap monsters
  6884 | D:7      | Killed a two-headed ogre
  6885 | D:7      | Reached skill level 5 in Fighting
  6885 | D:7      | Reached skill level 9 in Axes
  6885 | D:7      | Reached skill level 5 in Dodging
  6888 | D:7      | Identified the +2 ring mail "Gaoro" {rF+}
  6890 | D:7      | Identified the +1 chain mail "Miwadgh" {Rampage rElec
                  | Stlth-}
  7025 | D:7      | Found a sand-covered staircase.
  7055 | Ossuary  | Entered an ossuary
  7086 | Ossuary  | XOM: silly message
  7363 | Temple   | Entered the Ecumenical Temple
  7540 | Temple   | Fell from the grace of Xom
  7540 | Temple   | Became a worshipper of Ashenzari the Shackled
  7654 | D:7      | Identified the +1 helmet of the Butcher {Dex+7}
  8324 | D:8      | XOM: noise
  8482 | D:8      | Noticed Grum
  8507 | D:8      | Killed Grum
  8507 | D:8      | XOM: summons 1 hostile demon
  8833 | D:9      | XOM: noise
  8922 | D:9      | Reached XP level 11. HP: 53/78 MP: 0/0
  8922 | D:9      | Learned a level 5 spell: Summon Mana Viper
  8959 | D:9      | Noticed Prince Ribbit
  8973 | D:9      | Killed Prince Ribbit
  9004 | D:9      | Noticed Maurice
  9072 | D:9      | XOM: draining
  9098 | D:9      | Noticed Gastronok
  9144 | D:9      | Killed Gastronok
  9174 | D:9      | XOM: give mutations
  9174 | D:9      | Lost mutation: You sometimes lose the ability to read
                  | scrolls when taking damage. [Xom's mischief]
  9174 | D:9      | Lost mutation: You are weak. (Str -2) [Xom's mischief]
  9225 | D:9      | XOM: chaos cloud
  9418 | D:9      | Killed Maurice
  9952 | D:10     | Entered Level 10 of the Dungeon
 10073 | D:10     | Found a staircase to the Orcish Mines.
 10094 | D:10     | Noticed Psyche
 10101 | D:10     | Noticed a four-headed hydra
 10112 | D:10     | Killed Psyche
 10113 | D:10     | Reached skill level 5 in Spellcasting
 10118 | D:10     | Killed a four-headed hydra
 10119 | D:10     | Reached skill level 5 in Armour
 10302 | D:10     | Noticed an elephant
 10336 | D:10     | Killed an elephant
 10347 | D:10     | Found a stormy altar of Qazlal.
 10355 | D:10     | Found a staircase to the Lair.
 10968 | D:10     | Found a staircase to the Orcish Mines.
 10988 | D:10     | Found a stormy altar of Qazlal.
 11001 | D:10     | Found a staircase to the Lair.
 11117 | D:10     | XOM: summons 5 hostile demons
 11208 | D:10     | XOM: summons 2 hostile shadow creatures
 11278 | Lair:1   | Entered Level 1 of the Lair of Beasts
 11306 | Lair:1   | XOM: give mutations
 11306 | Lair:1   | Lost mutation: Armour fits poorly on your strangely shaped
                  | body. [Xom's mischief]
 11306 | Lair:1   | Gained mutation: You evolve. [Xom's mischief]
 11306 | Lair:1   | Lost mutation: You evolve. [Xom's mischief]
 11306 | Lair:1   | Gained mutation: You are somewhat resistant to further
                  | mutation. [Xom's mischief]
 11336 | Lair:1   | Noticed a six-headed hydra
 11391 | Lair:1   | HP: 1/82 [six-headed hydra (6)]
 11391 | Lair:1   | Slain by a six-headed hydra

Illustrated notes

Levels and vault maps discovered:
D:1:      erik_arrival_cave_to_civilisation [erik_arrival_cave_to_hall],
          layout_basic
D:2:      layout_loops_ring, uniq_robin
D:3:      layout_loops_ring, kennysheep_generic_room_13
D:4:      layout_basic, kiku_gazebo_garden_becter, sigmund_army, uniq_menkaure
D:5:      layout_loops_ring, kennysheep_mini, uniq_ijyb
D:6:      layout_loops_ring, kennysheep_slug_shrine, lemuel_doored_altar,
          uniq_pikel, uniq_eustachio, uniq_edmund, uniq_maggie,
          uniq_crazy_yiuf_cottage, uniq_blork_the_orc
D:7:      layout_rooms, minmay_temple_entry_sparse_star,
          nicolae_ossuary_entry_plus, minmay_misc_feat_chi, the_hattery
D:8:      layout_basic, kennysheep_nondescript, uniq_grum
D:9:      layout_rooms, vehumet_statue, minmay_holes, uniq_gastronok,
          uniq_prince_ribbit1, uniq_maurice
D:10:     layout_basic, grunt_qazlal_clouds, david_lair_generic, orc_0_dummy,
          uniq_psyche
Temple:   eino_temple_rhombus
Lair:1:   layout_regular_city, grunt_megastairs_1

Skill      XL: |  1  2  3  4  5  6  7  8  9 10 11 |
---------------+----------------------------------+-----
Axes           | 3 4 5 6 7 8 9 |  9.2
Armour         | 2 3 4 5 |  5.8
Shields        | 1 2 4 |  4.0
Spellcasting   | 1 3 4 6 |  6.0
Dodging        | 3 4 6 7 |  7.6
Fighting       | 4 6 7 |  7.9

Action                   |  1- 3 |  4- 6 |  7- 9 | 10-12 || total
-------------------------+-------+-------+-------+-------++-------
Melee: Hand axe          |   100 |       |       |       ||   100
       War axe           |     1 |   155 |   228 |     5 ||   389
       Mace              |       |       |    69 |   417 ||   486
       Unarmed           |       |       |       |     9 ||     9
Throw: Dart              |       |       |     4 |       ||     4
Invok: Curse Item        |       |       |       |     1 ||     1
  Use: Scroll            |       |       |    12 |     3 ||    15
 Stab: Sleeping          |     2 |     1 |       |       ||     3
       Confused          |       |     1 |     1 |     3 ||     5
Armor: Leather armour    |    31 |    81 |    99 |   108 ||   319
       Skin              |       |       |       |     2 ||     2
Dodge: Dodged            |    50 |   100 |   157 |   211 ||   518
Block: Buckler           |       |    12 |    72 |   103 ||   187
